 Dungeon Crawl Stone Soup version 0.23.2-40-g277498a001 (webtiles) character file.

Game seed: 1485594823195651441

16216 Napalmbreeze the Basher (level 12, -5/86 HPs)
             Began as a Demonspawn Monk on Sept 1, 2019.
             Was an Elder of Ru.
             Slain by a spiny frog (10 damage)
             ... on level 1 of the Lair of Beasts.
             The game lasted 00:43:13 (17275 turns).

Napalmbreeze the Basher (Demonspawn Monk)          Turns: 17275, Time: 00:43:14

Health: -5/86      AC: 18    Str: 14    XL:     12   Next: 8%
Magic:  0/13       EV: 10    Int: 11    God:    Ru [****..]
Gold:   943        SH:  0    Dex: 17    Spells: 11/11 levels left

rFire    . . .     SeeInvis +   K - +6 dire flail
rCold    + . .     Gourm    .   (shield currently unavailable)
rNeg     . . .     Faith    .   G - +2 chain mail {rC+}
rPois    +         Spirit   +   (helmet restricted)
rElec    .         Reflect  .   (no cloak)
rCorr    .         Harm     .   u - +0 pair of gloves
MR       .....                  (no boots)
Stlth    ..........             J - amulet of guardian spirit
HPRegen  0.24/turn              D - ring of flight
MPRegen  0.13/turn              H - ring of see invisible

@: exhausted
A: horns 2, slimy green scales 3, demonic guardian 1, frail 1, weak 1, rot
immunity, unskilled 1
a: Draw Out Power, Power Leap, Renounce Religion, Evoke Flight


You were on level 1 of the Lair of Beasts.
You worshipped Ru.
Ru was greatly pleased with you.
You were not hungry.

You visited 3 branches of the dungeon, and saw 14 of its levels.
You also visited: Sewer.

You collected 943 gold pieces.

Inventory:

Hand Weapons
 i - a +2 vampiric whip
 y - a +0 morningstar
 B - a +1 short sword of venom
 K - a +6 dire flail (weapon)
Armour
 q - a +0 plate armour of fire resistance
 u - a +0 pair of gloves (worn)
 G - a +2 chain mail of cold resistance (worn)
Jewellery
 D - a ring of flight (left hand)
 H - a ring of see invisible (right hand)
 J - an amulet of guardian spirit (around neck)
Wands
 b - a wand of polymorph (3)
 t - a wand of paralysis (5)
 w - a wand of disintegration (12)
 C - a wand of random effects (20)
 F - a wand of iceblast (26)
 M - a wand of flame (22)
 N - a wand of clouds (2)
 Q - a wand of digging (5)
Scrolls
 d - a scroll of torment {unknown}
 e - 2 scrolls of fog
 f - a scroll of magic mapping
 h - 6 scrolls of teleportation
 l - 2 scrolls of remove curse
 n - 2 scrolls of blinking
 o - 2 scrolls of enchant weapon
 p - 3 scrolls of fear
 s - 3 scrolls of immolation
 x - a scroll of enchant armour
 E - 2 scrolls of amnesia
 I - 2 scrolls of random uselessness {unknown}
Potions
 a - 3 potions of degeneration {unknown}
 g - 4 potions of haste {unknown}
 j - 3 potions of agility {unknown}
 k - 2 potions of brilliance {unknown}
 m - 4 potions of flight
 r - a potion of mutation {unknown}
 z - a potion of resistance {unknown}
 A - 5 potions of curing {unknown}
 L - 3 potions of cancellation {unknown}
 O - 2 potions of might
Comestibles
 c - 5 rations


   Skills:
 * Level 9.4 Fighting
 + Level 10.3 Maces & Flails
 + Level 7.3 Armour
 + Level 7.9 Dodging
 - Level 1.5 Stealth
 + Level 1.7 Evocations


You had 11 spell levels left.
You didn't know any spells.
Your spell library was empty.

Dungeon Overview and Level Annotations

Branches:
Dungeon (11/15)            Temple (1/1) D:6            Lair (2/6) D:9
    Orc (0/2) D:9
  Swamp: Lair:2-4    Shoals: Lair:2-4     Snake: Lair:2-4    Spider: Lair:2-4

Altars:
Ashenzari
Cheibriados
Dithmenos
Elyvilon
Fedhas
Gozag
Hepliaklqana
Kikubaaqudgha
Makhleb
Nemelex Xobeh
Okawaru
Qazlal
Ru
Sif Muna
Trog
Uskayaw
Vehumet
Wu Jian
Xom
Yredelemnul
Zin
The Shining One

Shops:
D:10 (

Annotations:
D:7 2 transporters
D:10 1 runed translucent door, Emblim88's ghost, journeyman GnWr
D:11 2 transporters


Innate Abilities, Weirdness & Mutations

You have a pair of horns on your head.
You are completely covered in slimy green scales. (AC +4, rPois)
A weak demonic guardian rushes to your aid.
You are frail. (-10% HP)
You are weak. (Str -2)
You are immune to rotting.
You are somewhat unskilled. (-1 Apt)


Message History

Unknown command.
Unknown command.
Unknown command.
Unknown command.
You swap places.
Your shadow imp barely misses the spiny frog.
Your shadow imp closely misses the spiny frog.
Found 16 gold pieces.
Okay, then.
Unknown command.
Your shadow imp barely misses the spiny frog.
Unknown command.
Unknown command.
The spiny frog closely misses you.
Your shadow imp barely misses the spiny frog.
The spiny frog closely misses you.
Unknown command.
Your shadow imp closely misses the spiny frog. x2
The spiny frog stings you!
You die...

##.......P #P..$....# #.......#
#.......# #.......# #.......# #
### ##.......# ##
.###.#####......@.####.####.#####
[...............F................
................55..........[....
....................>............
%................................
.................................
.................................
.................................
...###.####P.......P####.########


You could see a spiny frog and 2 friendly shadow imps.

Vanquished Creatures
  3 hydras
  A two-headed ogre (D:10)
  2 ugly things (D:11)
  A komodo dragon (Lair:1)
  A kobold demonologist (D:11)
  2 trolls (D:9)
  Grinder (D:3)
  3 hippogriffs
  A vampire (D:11)
  A wyvern (D:11)
  10 yaks
  Eustachio (D:5)
  7 hungry ghosts
  Menkaure (D:4)
  An insubstantial wisp (D:8)
  A two-headed ogre zombie (D:9)
  2 water moccasins
  2 porcupines (Lair:2)
  4 ice beasts
  3 orc warriors
  6 sky beasts
  An eye of draining (D:11)
  3 phantoms
  2 necrophages
  An ogre (D:7)
  A crocodile (Lair:1)
  3 big kobolds
  6 bullfrogs
  4 scorpions
  2 troll zombies (D:9)
  18 killer bees
  3 howler monkeys
  19 wights
  4 crimson imps
  A bullfrog zombie (D:6)
  A quasit (D:11)
  3 bullfrog skeletons
  2 centaur skeletons
  7 jellies
  5 hounds
  3 orc priests
  Crazy Yiuf (D:4)
  An iron imp (D:5)
  9 orc wizards
  Natasha (twice) (D:2)
  2 iguanas
  5 worker ants
  4 ogre zombies (D:9)
  A hound skeleton (D:6)
  Robin (D:2)
  6 gnolls
  13 adders
  A river rat (D:6)
  3 shadow imps
  An ooze (D:1)
  An adder zombie (D:5)
  An adder skeleton (D:4)
  A dart slug (D:4)
  5 leopard geckos
  38 orcs
  11 giant cockroaches
  6 hobgoblins
  23 jackals
  18 kobolds
  5 quokkas
  2 ball pythons (D:2)
  9 bats
  2 frilled lizards (D:2)
  10 goblins
  3 goblin skeletons (D:9)
  3 goblin zombies (D:9)
  2 hobgoblin skeletons (D:9)
  3 hobgoblin zombies (D:9)
  12 orc zombies (D:9)
  A quokka skeleton (D:7)
  A quokka zombie (D:6)
  11 rats
  A fungus (Lair:2)
362 creatures vanquished.

Vanquished Creatures (collateral kills)
  Erica (D:9)
  A queen bee (D:8)
  Sigmund (D:3)
  A wyvern (Lair:1)
  A steam dragon (D:8)
  An insubstantial wisp (D:8)
  An orc warrior (D:6)
  2 ogres
  A big kobold (Sewer)
  An orc wizard (D:8)
  An orc priest (D:3)
  Natasha (D:2)
  A worker ant (D:8)
  A gnoll (D:2)
  An adder (D:2)
  3 orcs
  5 goblins
  4 jackals
  3 kobolds
  2 orc zombies (D:9)
33 creatures vanquished.

Vanquished Creatures (others)
  A troll zombie (D:9)
  2 killer bees (D:8)
  A worker ant (D:9)
  A kobold (D:7)
  6 fungi
  5 plants
16 creatures vanquished.

Grand Total: 411 creatures vanquished

Notes
Turn   | Place    | Note
-------+----------+-------------------------------------------
     0 | D:1      | Napalmbreeze the Demonspawn Monk began the quest for the
                  | Orb.
     0 | D:1      | Reached XP level 1. HP: 18/18 MP: 1/1
   337 | D:1      | Gained mutation: A weak demonic guardian rushes to your
                  | aid. [demonic ancestry]
   337 | D:1      | Reached XP level 2. HP: 19/24 MP: 2/2
   361 | D:1      | Reached skill level 3 in Maces & Flails
   905 | D:2      | Noticed Robin
  1103 | D:2      | Reached XP level 3. HP: 27/29 MP: 3/3
  1113 | D:2      | Noticed Natasha
  1128 | D:2      | Killed Natasha
  1128 | D:2      | Reached skill level 1 in Armour
  1519 | D:2      | Gained mutation: You are partially covered in slimy green
                  | scales. (AC +2) [demonic ancestry]
  1519 | D:2      | Reached XP level 4. HP: 31/35 MP: 4/4
  1576 | D:2      | Killed Robin
  2275 | D:2      | Found a sacrificial altar of Ru.
  2283 | D:2      | Became a worshipper of Ru the Awakened
  2324 | D:2      | Noticed Natasha
  2446 | D:2      | Gained mutation: You are somewhat unskilled. (-1 Apt) [Ru
                  | sacrifice]
  2446 | D:2      | Reached * piety under Ru
  2446 | D:2      | Reached ** piety under Ru
  2463 | D:2      | Killed Natasha
  2463 | D:2      | Reached XP level 5. HP: 41/41 MP: 5/5
  2485 | D:2      | Noticed Natasha
  2492 | D:2      | Killed Natasha
  2719 | D:3      | Noticed Grinder
  2738 | D:3      | Paralysed by Grinder for 7 turns
  2918 | D:3      | Paralysed by Grinder for 4 turns
  3199 | D:3      | Paralysed by Grinder for 6 turns
  3213 | D:3      | Paralysed by Grinder for 3 turns
  3218 | D:3      | Killed Grinder
  3218 | D:3      | Reached skill level 4 in Maces & Flails
  3218 | D:3      | Gained mutation: You are mostly covered in slimy green
                  | scales. (AC +3) [demonic ancestry]
  3218 | D:3      | Reached XP level 6. HP: 23/48 MP: 6/6
  3400 | D:3      | Noticed Sigmund
  3758 | D:3      | Killed Sigmund
  4052 | D:3      | Found a stormy altar of Qazlal.
  4421 | D:3      | Gained mutation: You are completely covered in slimy green
                  | scales. (AC +4, rPois) [demonic ancestry]
  4421 | D:3      | Reached XP level 7. HP: 50/54 MP: 7/7
  4854 | D:4      | Found a blossoming altar of Fedhas.
  4955 | D:4      | Noticed Menkaure
  4974 | D:4      | Killed Menkaure
  4974 | D:4      | Reached skill level 5 in Maces & Flails
  5158 | D:4      | Found a runed translucent door.
  5159 | D:4      | Noticed Crazy Yiuf
  5168 | D:4      | Killed Crazy Yiuf
  5723 | D:5      | Entered Level 5 of the Dungeon
  5794 | D:5      | Found a shimmering altar of Xom.
  5830 | D:5      | Gained mutation: You are frail. (-10% HP) [Ru sacrifice]
  5830 | D:5      | Reached *** piety under Ru
  5858 | D:5      | Found a snail-covered altar of Cheibriados.
  6008 | D:5      | Noticed Eustachio
  6029 | D:5      | Killed Eustachio
  6029 | D:5      | Gained mutation: You have a pair of small horns on your
                  | head. [demonic ancestry]
  6029 | D:5      | Reached XP level 8. HP: 51/54 MP: 8/8
  6930 | D:6      | Reached skill level 5 in Fighting
  6935 | D:6      | Reached skill level 6 in Maces & Flails
  6945 | D:6      | Found a white marble altar of Elyvilon.
  7375 | D:6      | Found a glowing drain.
  7397 | Sewer    | Entered a sewer
  7598 | Sewer    | Found a white marble altar of Elyvilon.
  7804 | D:6      | Found a staircase to the Ecumenical Temple.
  8071 | D:6      | Found a hazy altar of Hepliaklqana.
  8179 | D:6      | Gained mutation: You are weak. (Str -2) [Ru sacrifice]
  8179 | D:6      | Reached **** piety under Ru
  8240 | D:6      | Reached XP level 9. HP: 58/61 MP: 9/9
  8285 | D:6      | Reached skill level 5 in Dodging
  8634 | Temple   | Entered the Ecumenical Temple
  8937 | D:7      | Found an ancient bone altar of Kikubaaqudgha.
  8965 | D:7      | Found a transporter.
  8985 | D:7      | Noticed a cyclops
  8985 | D:7      | Noticed an eight-headed hydra
  8989 | D:7      | Found a glowing golden altar of the Shining One.
  9001 | D:7      | Found a transporter.
  9015 | D:7      | Reached skill level 7 in Maces & Flails
  9396 | D:7      | Found an iron altar of Okawaru.
  9400 | D:7      | Found a hide-covered altar of Uskayaw.
  9402 | D:7      | Found a shattered altar of Ashenzari.
  9544 | D:8      | Found a shadowy altar of Dithmenos.
 10235 | D:8      | Noticed a queen bee
 10502 | D:8      | Killed a queen bee
 10502 | D:8      | Reached skill level 5 in Armour
 10536 | D:8      | Reached skill level 8 in Maces & Flails
 10653 | D:8      | Gained mutation: You are immune to rotting. [demonic
                  | ancestry]
 10653 | D:8      | Reached XP level 10. HP: 50/69 MP: 10/10
 12649 | D:9      | Reached skill level 9 in Maces & Flails
 12704 | D:9      | Found a staircase to the Orcish Mines.
 13184 | D:9      | Noticed Erica
 13193 | D:9      | Killed Erica
 13611 | D:9      | Found a staircase to the Lair.
 13909 | D:10     | Entered Level 10 of the Dungeon
 13941 | D:9      | Reached XP level 11. HP: 29/75 MP: 5/11
 14169 | D:10     | Found a runed translucent door.
 14176 | D:10     | Identified the +8 spear of Foolhardiness {pain, Str+2
                  | Dex+2}
 14176 | D:10     | Noticed Emblim88's ghost (journeyman GnWr)
 14375 | D:10     | Noticed a two-headed ogre
 14387 | D:10     | Killed a two-headed ogre
 14916 | D:10     | Found Ivigheych's Weapon Shoppe.
 15144 | D:11     | Found a transporter.
 15484 | D:11     | Noticed a brown ugly thing
 15511 | D:11     | Killed a brown ugly thing
 15867 | D:11     | Found a transporter.
 15885 | D:11     | Noticed an unseen horror
 15921 | D:11     | Reached skill level 10 in Maces & Flails
 16192 | D:11     | Noticed a purple ugly thing
 16204 | D:11     | Killed a purple ugly thing
 16266 | D:11     | Noticed a deep troll
 16280 | D:11     | Noticed a soul eater
 16447 | D:11     | Noticed a glowing orange brain
 16448 | D:11     | Noticed a swamp dragon
 16448 | D:11     | a glowing orange brain changed into a swamp dragon
 16502 | D:11     | Noticed a glowing orange brain
 16638 | Lair:1   | Entered Level 1 of the Lair of Beasts
 16884 | Lair:1   | Noticed a six-headed hydra
 16884 | Lair:1   | Noticed an eight-headed hydra
 16951 | Lair:2   | Killed an eight-headed hydra
 16951 | Lair:2   | Reached skill level 1 in Evocations
 17059 | Lair:2   | Noticed a six-headed hydra
 17164 | Lair:2   | Killed a six-headed hydra
 17164 | Lair:2   | Gained mutation: You have a pair of horns on your head.
                  | [demonic ancestry]
 17164 | Lair:2   | Reached XP level 12. HP: 63/85 MP: 11/13
 17250 | Lair:1   | Killed a six-headed hydra
 17271 | Lair:1   | HP: 4/86 [spiny frog (15)]
 17275 | Lair:1   | Slain by a spiny frog

Skill      XL: |  1  2  3  4  5  6  7  8  9 10 11 |
---------------+----------------------------------+-----
Maces & Flails | 3 4 5 6 8 9 10 | 10.3
Armour         | 1 2 3 4 5 6 7 |  7.3
Dodging        | 3 4 5 6 7 |  7.9
Fighting       | 4 5 6 7 9 |  9.4
Evocations     | 1 |  1.7
Stealth        | |  1.5

Action                   |  1- 3 |  4- 6 |  7- 9 | 10-12 || total
-------------------------+-------+-------+-------+-------++-------
Melee: Mace              |   107 |   158 |   109 |       ||   374
       Unarmed           |       |     1 |       |       ||     1
       Morningstar       |       |       |   231 |       ||   231
       Whip              |       |       |   493 |   934 ||  1427
       Headbutt          |       |       |   107 |   250 ||   357
       Dire flail        |       |       |       |   170 ||   170
Invok: Sacrifice Skill   |       |     1 |       |       ||     1
       Sacrifice Health  |       |       |     1 |       ||     1
       Sacrifice Purity  |       |       |     1 |       ||     1
       Power Leap        |       |       |     1 |     3 ||     4
       Reject Sacrifices |       |       |       |     1 ||     1
 Abil: Evoke Flight      |       |       |     1 |       ||     1
Evoke: Wand              |       |       |       |    13 ||    13
  Use: Potion            |     3 |     1 |     3 |     1 ||     8
       Scroll            |       |     1 |     6 |    10 ||    17
 Stab: Sleeping          |     6 |       |     4 |       ||    10
       Invisible         |       |       |     6 |     9 ||    15
       Distracted        |       |       |     6 |     4 ||    10
       Paralysed         |       |       |       |     6 ||     6
       Confused          |       |       |       |     1 ||     1
  Eat: Chunk             |     2 |     6 |    14 |    14 ||    36
       Ration            |       |     1 |     6 |    10 ||    17
Armor: Robe              |    22 |    17 |       |       ||    39
       Skin              |    11 |     5 |       |       ||    16
       Ring mail         |       |    23 |   338 |    80 ||   441
       Chain mail        |       |    25 |       |   408 ||   433
Dodge: Dodged            |    86 |   110 |   496 |   426 ||  1118
